 Dungeon Crawl Stone Soup version 0.28.0-55-gcd9437bce4 (webtiles) character file.

Game seed: 10770616919257842011

150 lordwipe the Charlatan (level 5, 0/37 (38) HPs)
             Began as a Human Artificer on Jan 9, 2023.
             Was an Initiate of Gozag.
             Slain by a wight
             ... wielding a +0 flail
              (4 damage)
             ... on level 4 of the Dungeon.
             The game lasted 00:09:13 (394 turns).

lordwipe the Charlatan (Human Artificer)             Turns: 394, Time: 00:09:14

HP:   0/37 (38)     AC:  5    Str: 13    XL:     5   Next: 58%
MP:   5/5           EV: 10    Int: 13    God:    Gozag
Gold: 48            SH:  0    Dex: 13    Spells: 4/4 levels left

rFire   . . .      SeeInvis .   c - +0 mace
rCold   . . .      Faith    .   (no shield)
rNeg    . . .      Spirit   .   k - +0 ring mail
rPois   .          Reflect  .   (no helmet)
rElec   .          Harm     .   (no cloak)
rCorr   .          Rampage  .   (no gloves)
Will    .....                   (no boots)
Stlth   +.........              (no amulet)
HPRegen 0.12/turn               (no ring)
MPRegen 0.09/turn               (no ring)

@: gold aura, lightly drained
A: no striking features
a: Renounce Religion, Potion Petition, Call Merchant, Bribe Branch


You were on level 4 of the Dungeon.
You worshipped Gozag.
Gozag was noncommittal.
You visited 1 branch of the dungeon, and saw 4 of its levels.

You collected 82 gold pieces.
You paid 34 gold pieces to Gozag.

Inventory:

Hand Weapons
 a - a +0 club
 c - a +0 mace (weapon)
Armour
 b - a +0 leather armour
 k - a +0 ring mail (worn)
Wands
 d - a wand of charming (13)
 j - a wand of paralysis (2)
Scrolls
 h - a scroll of identify {unknown}
 i - a scroll of silence {unknown}
Potions
 f - a potion of curing
 g - a potion of lignification {unknown}
Miscellaneous
 e - a piece from Xom's chessboard (15/15)


   Skills:
 + Level 1.6 Fighting
 + Level 2.5 Armour
 + Level 1.1 Dodging
 + Level 2.5 Stealth
 + Level 4.8 Evocations


You had 4 spell levels left.
You didn't know any spells.
Your spell library contained the following spells:

 Spells                   Type           Power      Damage    Failure   Level
 Ignite Poison            Fire/Tmut/Pois 0%         N/A       88%         3
 Mephitic Cloud           Conj/Pois/Air  0%         N/A       88%         3
 Freezing Cloud           Conj/Ice/Air   0%         6-21      100%        5


Dungeon Overview and Level Annotations

Branches:
Dungeon (4/15)
 Temple: D:4-7

Altars:
Gozag
Okawaru


Message History

Aim: a phantom (chance to affect: 43%)
The phantom resists with some effort.
Aiming: Charm
Press: ? - help, Q - select action, (/) - cycle Shift-Dir - straight line, f/p - phantom
Aim: a phantom (chance to affect: 43%)
The phantom is charmed.
A hound comes into view.
The hound barks!
Aiming: Charm
Press: ? - help, Q - select action, (/) - cycle Shift-Dir - straight line, f - hound, p - phantom
Aim: a hound (chance to affect: 69%)
The hound struggles to resist.
You hit the hound.
The hound is moderately wounded.
The hound bites you. x2
A wight comes into view. It is wielding a +0 flail.
You hit the hound.
The hound is heavily wounded.
The hound bites you but does no damage.
Your phantom barely misses the hound.
The hound closely misses you.
Your phantom hits the hound!
The hound dies!
Your Stealth skill increases to level 2!
Found a stone staircase leading down.
You see here 6 gold pieces.
A ball python comes into view.
A wight comes into view. It is wielding a +0 falchion.
Your phantom hits the wight. You hit the wight but do no damage.
The wight is lightly damaged.
The wight hits you with a +0 flail!
You feel drained.
Your phantom closely misses the wight.
The wight hits you with a +0 flail!
* * * LOW HITPOINT WARNING * * *
You barely miss the wight.
The wight is lightly damaged.
Your phantom hits the wight. The wight hits you but does no damage.
You hit the wight but do no damage.
The wight is moderately damaged.
Your phantom barely misses the wight.
The wight hits you with a +0 flail.
You die...
Your body crumbles into a pile of gold.

...................##
............?.......###
#.....................#
#....................# .
.z.........<#......##
..>##..W..............#.
......Sz.....#(.........
.......@....###.......#.
.........$..............
..........#.)...#......#
...#.....##.._..##....).
#. ##.....#.).).#.....#.
# ..................##.
..........###...##....
...........#........##
...................##.


You could see 2 wights, a ball python and a friendly phantom (charmed).

Vanquished Creatures
  A scorpion (D:4)
  A bullfrog skeleton (D:4)
  A hound skeleton (D:4)
  An adder (D:4)
  An adder skeleton (D:4)
  An orc (D:4)
  An endoplasm (D:4)
  A hobgoblin (D:2)
  A quokka (D:2)
  A bat (D:2)
  A frilled lizard (D:1)
11 creatures vanquished.

Vanquished Creatures (collateral kills)
  A hound (D:4)
1 creature vanquished.

Grand Total: 12 creatures vanquished

Notes
Turn   | Place    | Note
-------+----------+-------------------------------------------
     0 | D:1      | lordwipe the Human Artificer began the quest for the Orb.
     0 | D:1      | Reached XP level 1. HP: 15/15 MP: 1/1
   239 | D:4      | Reached skill level 4 in Evocations
   239 | D:4      | Reached XP level 2. HP: 15/21 MP: 2/2
   239 | D:4      | Reached XP level 3. HP: 18/26 MP: 3/3
   267 | D:4      | Found an opulent altar of Gozag.
   268 | D:4      | Noticed a scorpion
   286 | D:4      | Killed a scorpion
   287 | D:4      | Reached XP level 4. HP: 14/32 MP: 4/4
   316 | D:4      | Became a worshipper of Gozag Ym Sagoz the Greedy
   329 | D:4      | Reached XP level 5. HP: 22/37 MP: 5/5
   370 | D:4      | Found an iron altar of Okawaru.
   381 | D:4      | Noticed a phantom
   394 | D:4      | Slain by a wight

Illustrated notes

Levels and vault maps discovered:
D:1:      co_arrival_square_in_a_square_in_a_square, layout_loops_ring,
          serial_co_window_serial, co_window_paths_a, co_window_paths_b,
          co_window_of_opportunity_a, co_window_paths_a, co_window_corner_a,
          co_window_paths_c, co_window_unsneaky_path_c, co_window_broadway_a,
          co_window_corner_b, co_window_paths_c, co_window_of_opportunity_b,
          glass_columns_a, glass_columns_a, serial_shops,
          nicolae_shop_hallway_stairs, ebering_ecumenical_altar_sacrificial,
          chequers_serial_rivers_micro_a
D:2:      layout_basic
D:3:      layout_basic, uniq_grinder, uniq_sigmund
D:4:      layout_cave_pools, okawaru_ov_weapons_minmay,
          mainiacjoe_overflow_boulevard, mainiacjoe_overflow_alcove_2,
          chequers_serial_rivers_large_a

Skill      XL: |  1  2  3  4  5 |
---------------+----------------+-----
Evocations     | 4 |  4.8
Stealth        | 2 |  2.5
Fighting       | |  1.6
Armour         | |  2.5
Dodging        | |  1.1

Action                   |  1- 3 |  4- 6 || total
-------------------------+-------+-------++-------
Melee: Club              |    14 |    19 ||    33
       Mace              |       |     5 ||     5
Evoke: Wand              |    14 |     8 ||    22
       Piece from Xom's  |     1 |       ||     1
  Use: Potion            |       |     1 ||     1
 Stab: Paralysed         |     5 |    11 ||    16
Armor: Leather armour    |     3 |       ||     3
       Ring mail         |       |     6 ||     6
Dodge: Dodged            |     6 |     4 ||    10
